Workbook

Sheet Balance Sheet
B1: RTX | C1: Home Depot
A2: Net fixed assets | B2: 15748 | C2: 25631
A3: Operating Lease Asset | B3: 1638 | C3: 6941
A4: Goodwill | B4: 53699 | C4: 7444
A5: Net Intangibles | B5: 35399 | C5: 0
A6: Customer financing | B6: 2392 | C6: 0
A7: Other assets | B7: 4576 | C7: 3958
A8: Total non-current assets | B8: =SUM(B2:B7) -> 113452 | C8: =SUM(C2:C7) -> 43974
A9: Cash & Eqivalents | B9: 6587 | C9: 2757
A10: Accounts receivables | B10: 10838 | C10: 3317
A11: Contract Assets | B11: 12139 | C11: 0
A12: Inventories | B12: 11777 | C12: 24886
A13: Other current assets | B13: 7076 | C13: 1511
A14: Total current assets | B14: =SUM(B9:B13) -> 48417 | C14: =SUM(C9:C13) -> 32471
A15: Total assets | B15: =SUM(B2:B7)+B14 -> 161869 | C15: =SUM(C2:C7)+C14 -> 76445
A17: Year ended | B17: 45261 | C17: 44927

Sheet Balance Sheet LIabilities
B1: ='Balance Sheet'!B1 -> RTX | C1: Home Depot
A2: Accounts payable and other liabilities | B2: 10698 | C2: 11443
A3: Accrued empluee salaries/compensation | B3: 2491 | C3: 1991
A4: Deferred Revenue | B4: 0 | C4: 3064
A5: Taxes payable | B5: 0 | C5: =528+50 -> 578
A6: Short term debt | B6: 189 | C6: 1231
A7: Short-term portion of long term debt | B7: 1283 | C7: 0
A8: Contract Liabilities | B8: 17183 | C8: 0
A9: Current Lease Debt | B9: 0 | C9: 945
A10: Other Current Liabilities | B10: 14917 | C10: 3858
A11: Total current liabilities | B11: =SUM(B2:B10) -> 46761 | C11: =SUM(C2:C10) -> 23110
A12: Accrued Pensioin Liabilities | B12: 2385 | C12: 0
A13: Other long-term liabilities | B13: 7511 | C13: 2566
A14: Deferred income taxes | B14: 0 | C14: 1019
A15: Long-term debt | B15: 42355 | C15: 41962
A16: Lease Debt | B16: 1412 | C16: 6226
A17: Total long-term liabilities | B17: =SUM(B12:B16) -> 53663 | C17: =SUM(C12:C16) -> 51773
A18: Shareholders' equity - par value | B18: 0 | C18: 90
A19: Additional paid-in capital | B19: 37055 | C19: 12592
A20: Retained earnings | B20: 52154 | C20: 76896
A21: Accrued Losses | B21: -2419 | C21: -718
A22: Unclaimed ESOP | B22: -15 | C22: 0
A23: Treasury Stock | B23: -26977 | C23: -87298
A24: Shareholders' equity | B24: =SUM(B18:B23) -> 59798 | C24: =SUM(C18:C23) -> 1562
A25: Minority interests | B25: 1647 | C25: 0
A26: Total Equity | B26: =B24+B25 -> 61445 | C26: =C24+C25 -> 1562
A27: Total liabilities | B27: =B11+SUM(B12:B16)+B24+B25 -> 161869 | C27: =C11+SUM(C12:C16)+C24 -> 76445

Sheet Income Statement
B1: ='Balance Sheet LIabilities'!B1 -> RTX | C1: Home Depot
A2: Revenues | B2: 68920 | C2: 157403
A3: Cost of Sales | B3: =43425+13406 -> 56831 | C3: 104625
A4: Gross Profit | B4: =B2-B3 -> 12089 | C4: =C2-C3 -> 52778
A5: - S, G & A Expenses | B5: 5809 | C5: 26284
A6: - Depreciation | B6: 0 | C6: 2455
A7: - R&D expenses | B7: 2805 | C7: 0
A8: + Other Income | B8: 86 | C8: 0
A9: Operating income | B9: =B4-B5-B6-B7+B8 -> 3561 | C9: =C4-C5-C6-C7 -> 24039
A10: + Non-operating Income | B10: 1780 | C10: 0
A11: + Other Income | B11: 0 | C11: 55
A12: - Interest expenses | B12: 1505 | C12: 1617
A13: Earnings before taxes | B13: =B9-B12+B10+B11 -> 3836 | C13: =C9-C12+C11 -> 22477
A14: - Income taxes | B14: 456 | C14: 5372
A15: Net earnings (Loss) | B15: =B13-B14 -> 3380 | C15: =C13-C14 -> 17105
A16: - Profits due to Minority Interests | B16: 185
A17: Net Income/ Loss | B17: =B15-B16 -> 3195

Sheet Return on capital
B1: RTX | C1: Home Depot
A2: After-tax operating income | B2: ='Income Statement'!B9 -> 3561 | C2: ='Income Statement'!C9 -> 24039
A3: Book value of capital—beginning | B3: =30694+1586+595+625+74178-6220-53840 -> 47618 | C3: =1035+2447+830+36606+5353-1696-2343-7449 -> 34783
A4: Book value of capital—ending | B4: =B14 -> 46398 | C4: =C14 -> 41725
A5: Book value of capital—average | B5: =(B3+B4)/2 -> 47008 | C5: =(C3+C4)/2 -> 38254
A6: Return on capital (based on average) | B6: =B2/B5 -> 0.075753063 | C6: =C2/C5 -> 0.62840487
A7: Return on capital (based on beginning) | B7: =B2/B3 -> 0.074782645 | C7: =C2/C3 -> 0.69111347
A8: Invested Capital at the end of fiscal 2023
A9: ='Balance Sheet LIabilities'!A24 -> Shareholders' equity | B9: ='Balance Sheet LIabilities'!B24+'Balance Sheet LIabilities'!B25 -> 61445 | C9: ='Balance Sheet LIabilities'!C24+'Balance Sheet LIabilities'!C25 -> 1562
A10: + Total Debt | B10: ='Balance Sheet LIabilities'!B15+'Balance Sheet LIabilities'!B6+'Balance Sheet LIabilities'!B7 -> 43827 | C10: ='Balance Sheet LIabilities'!C15+'Balance Sheet LIabilities'!C6+'Balance Sheet LIabilities'!C7 -> 43193
A11: + Total Lease Obligations | B11: ='Balance Sheet LIabilities'!B16+'Balance Sheet LIabilities'!B9 -> 1412 | C11: ='Balance Sheet LIabilities'!C16+'Balance Sheet LIabilities'!C9 -> 7171
A12: = Cash | B12: ='Balance Sheet'!B9 -> 6587 | C12: ='Balance Sheet'!C9 -> 2757
A13: - Goodwill | B13: ='Balance Sheet'!B4 -> 53699 | C13: ='Balance Sheet'!C4 -> 7444
A14: Invested Capital | B14: =B9+B10+B11-B12-B13 -> 46398 | C14: =C9+C10+C11-C12-C13 -> 41725

Sheet Return on Equity
B1: ='Return on capital'!B1 -> RTX | C1: Home Depot
A2: Net income | B2: ='Income Statement'!B17 -> 3195 | C2: ='Income Statement'!C15 -> 17105
A3: Book value of equity—beginning | B3: 72632 | C3: -1696
A4: Book value of equity—ending | B4: ='Balance Sheet LIabilities'!B24 -> 59798 | C4: ='Balance Sheet LIabilities'!C24 -> 1562
A5: Book value of equity—average | B5: =(B3+B4)/2 -> 66215 | C5: =(C3+C4)/2 -> -67
A6: Return on equity (based on average) | B6: =B2/B5 -> 0.048251907 | C6: NA
A7: Return on equity (based on beginning) | B7: =B2/B3 -> 0.043988875 | C7: NA

Sheet Interest & Fixed Charge Coverag
B1: ='Return on Equity'!B1 -> RTX | C1: ='Return on Equity'!C1 -> Home Depot
A2: EBIT | B2: ='Income Statement'!B9 -> 3561 | C2: ='Income Statement'!C9 -> 24039
A3: Interest expense | B3: ='Income Statement'!B12 -> 1505 | C3: ='Income Statement'!C12 -> 1617
A4: Interest coverage ratio | B4: =B2/B3 -> 2.366113 | C4: =C2/C3 -> 14.866419
A6: EBIT | B6: =B2 -> 3561 | C6: =C2 -> 24039
A7: Operating lease expenses | B7: 463 | C7: 1169
A8: Interest expenses | B8: =B3 -> 1505 | C8: =C3 -> 1617
A9: Fixed charges coverage ratio | B9: =B6/(B7+B8) -> 1.8094512 | C9: =C6/(C7+C8) -> 8.6284996
A11: EBITDA | B11: =B6+4211 -> 7772 | C11: =C6+'Income Statement'!C6 -> 26494
A12: Cash fixed charges | B12: =B7+B8 -> 1968 | C12: =C7+C8 -> 2786
A13: Cash fixed charges coverage ratio | B13: =B11/B12 -> 3.949187 | C13: =C11/C12 -> 9.5096913
A15: Cash flows from operations | B15: 7883 | C15: 14615
A16: Capital expenditures | B16: 2415 | C16: 3119
A17: Cash flows/Capital expenditures | B17: =B15/B16 -> 3.2641822 | C17: =C15/C16 -> 4.6857967

Sheet Debt ratios
B1: ='Interest & Fixed Charge Coverag'!B1 -> RTX | C1: Home Depot
A2: Long-term debt | B2: ='Balance Sheet LIabilities'!B15 -> 42355 | C2: ='Balance Sheet LIabilities'!C15 -> 41962
A3: Short-term debt | B3: ='Balance Sheet LIabilities'!B6+'Balance Sheet LIabilities'!B7 -> 1472 | C3: ='Balance Sheet LIabilities'!C6+'Balance Sheet LIabilities'!C7 -> 1231
A4: Long term lease debt | B4: ='Balance Sheet LIabilities'!B16 -> 1412 | C4: ='Balance Sheet LIabilities'!C16 -> 6226
A5: Shofrt-term lease debt | B5: ='Balance Sheet LIabilities'!B9 -> 0 | C5: ='Balance Sheet LIabilities'!C9 -> 945
A6: Book value of equity | B6: ='Balance Sheet LIabilities'!B24+'Balance Sheet LIabilities'!B25 -> 61445 | C6: ='Balance Sheet LIabilities'!C24+'Balance Sheet LIabilities'!C25 -> 1562
A7: Long-term debt/Equity | B7: =(B2+B4)/B6 -> 0.71229555 | C7: =(C2+C4)/C6 -> 30.850192
A8: Long-term debt/(Long-term debt + Equity) | B8: =(B2+B4)/(B2+B4+B6) -> 0.41598867 | C8: =(C2+C4)/(C2+C4+C6) -> 0.96860302
A9: Total Debt/Equity | B9: =SUM(B2:B5)/B6 -> 0.73625193 | C9: =SUM(C2:C5)/C6 -> 32.243278
A10: Total Debt/(total Debt + Equity) | B10: =SUM(B2:B5)/(SUM(B2:B6)) -> 0.42404672 | C10: =SUM(C2:C5)/(SUM(C2:C6)) -> 0.96991873
A12: Market value of equity | B12: 120930 | C12: 363720
A13: Total Debt/Equity (Market) | B13: =SUM(B2:B5)/B12 -> 0.37409245 | C13: =SUM(C2:C5)/C12 -> 0.13846915
A14: Total Debt to Capital (Market) | B14: =SUM(B2:B5)/(SUM(B2:B5)+B12) -> 0.27224693 | C14: =SUM(C2:C5)/(SUM(C2:C5)+C12) -> 0.1216275
